 Dungeon Crawl Stone Soup version 0.25-a0-699-g25a338df49 (webtiles) character file.

Game seed: 14323570806475147133, levelgen mode: deterministic

4726 DasRunzen the Conjurer (level 10, -4/84 HPs)
             Began as a Demigod Conjurer on Apr 2, 2020.
             Killed from afar by a gargoyle (18 damage)
             ... with a stone arrow
             ... on level 8 of the Dungeon.
             The game lasted 00:22:02 (7767 turns).

DasRunzen the Conjurer (Demigod Conjurer)           Turns: 7767, Time: 00:22:03

Health: -4/84      AC:  5    Str: 11    XL:     10   Next: 2%
Magic:  13/23      EV: 17    Int: 27    God:
Gold:   319        SH:  0    Dex: 16    Spells: 15/21 levels left

rFire    + . .     SeeInvis .   r - staff of fire
rCold    . . .     Gourm    .   (no shield)
rNeg     . . .     Faith    .   a - +2 robe
rPois    .         Spirit   .   (no helmet)
rElec    .         Reflect  .   (no cloak)
rCorr    .         Harm     .   d - +0 pair of gloves
MR       +....                  (no boots)
Stlth    +++.......             e - amulet of regeneration
HPRegen  0.64/turn              o - ring of stealth
MPRegen  0.18/turn              (no ring)

@: mighty
A: clever 1, high mp 1, sense surroundings 1, no potion heal 1
a: no special abilities


You were on level 8 of the Dungeon.
You were hungry.

You visited 1 branch of the dungeon, and saw 8 of its levels.

You collected 319 gold pieces.

Inventory:

Hand Weapons
 p - a +3 hand axe of flaming
Armour
 a - a +2 robe (worn)
 d - a +0 pair of gloves (worn)
Magical Staves
 r - an uncursed staff of fire (weapon)
Jewellery
 e - an amulet of regeneration (around neck)
 o - a ring of stealth (left hand)
Scrolls
 f - a scroll of blinking
 h - 5 scrolls of remove curse
 k - 2 scrolls of fear
 l - 3 scrolls of teleportation
 t - a scroll of identify
Potions
 b - 2 potions of curing
 g - 2 potions of flight
 i - 4 potions of brilliance
 j - a potion of ambrosia
 m - a potion of might
 n - 2 potions of stabbing
Comestibles
 c - 20 rations


   Skills:
 + Level 6.3 Fighting
 + Level 2.7 Staves
 + Level 6.7 Dodging
 - Level 1.7 Stealth
 + Level 6.2 Spellcasting
 + Level 7.5 Conjurations
 + Level 2.9 Evocations


You had 15 spell levels left.
You knew the following spells:

 Your Spells              Type           Power        Failure   Level  Hunger
a - Magic Dart            Conj           ####         1%          1    None
b - Searing Ray           Conj           #####.       1%          2    None
c - Stone Arrow           Conj/Erth      ####..       4%          3    None

Your spell library contained the following spells:

 Spells                   Type           Power        Failure   Level  Hunger
 Dazzling Flash           Conj/Hex       ####..       4%          3    None
 Beastly Appendage        Tmut           #.....       6%          1    None
 Freeze                   Ice            #...         6%          1    None
 Sandblast                Erth           #.....       6%          1    None
 Passwall                 Tmut/Erth      #.......     10%         2    None
 Sticks to Snakes         Tmut           #.......     10%         2    None
 Fulminant Prism          Conj/Hex       ####......   14%         4    ###....
 Hailstorm                Conj/Ice       ####....     14%         4    ###....
 Iskenderun's Mystic Bla  Conj/Tloc      ####....     14%         4    ###....
 Frozen Ramparts          Ice            #.....       19%         3    None
 Ozocubu's Armour         Chrm/Ice       #.......     19%         3    None
 Spider Form              Tmut/Pois      #.........   19%         3    None
 Ice Form                 Ice/Tmut       #.......     54%         4    ###....
 Petrify                  Tmut/Erth      #.......     54%         4    ###....
 Summon Ice Beast         Ice/Summ       #.......     54%         4    ###....
 Blade Hands              Tmut           #.........   87%         5    #####..
 Lee's Rapid Deconstruct  Erth           #.........   87%         5    #####..


Dungeon Overview and Level Annotations

Branches:
Dungeon (8/15)             Temple (0/1) D:4
   Lair: D:8-11


Innate Abilities, Weirdness & Mutations

You have an increased reservoir of magic. (+10% MP)
Your mind is acute. (Int +2)
You passively map a small area around you.
Potions are less effective at restoring your health.


Message History

The gargoyle hurls a stone arrow at you.
The stone arrow hits you!
* * * LOW HITPOINT WARNING * * *
You hit the gargoyle but do no damage.
The gargoyle is moderately damaged.
The gargoyle closely misses you.
You hit the gargoyle but do no damage.
The gargoyle is moderately damaged.
The gargoyle misses you.
You hit the gargoyle.
The gargoyle is heavily damaged.
The gargoyle misses you.
You hit the gargoyle!
The gargoyle is severely damaged.
The gargoyle misses you.
You hit the gargoyle!
The gargoyle is almost destroyed.
The gargoyle hurls a stone arrow at you.
The stone arrow hits you!!
You die...

####...########
<....#.........,
####...########
......## #####.# * *
#.# ,# ##.# * .<#
####..# ####...##
...#..# #######@9.!....
##.#..# #..............
#.#..####.#####........
#.........# ####...## *
####..###### ...#
......# ..# #####.# ##
* #.# * ###.######## *


You could see a gargoyle.

Vanquished Creatures
  Harold (D:8)
  A two-headed ogre (D:8)
  2 hippogriffs
  A hungry ghost (D:8)
  3 orc warriors
  2 sky beasts
  5 ogres
  2 centaurs
  A big kobold (D:7)
  2 bullfrogs
  A gnoll sergeant (D:7)
  8 killer bees (D:8)
  A crimson imp (D:7)
  5 howler monkeys
  A centaur zombie (D:6)
  A quasit (D:8)
  5 hounds
  A jelly (D:6)
  4 orc wizards
  3 orc priests
  2 centaur skeletons
  5 worker ants
  2 iguanas (D:4)
  A killer bee zombie (D:7)
  A hound zombie (D:6)
  A hound skeleton (D:7)
  16 gnolls
  8 adders
  A shadow imp (D:7)
  3 worms
  3 dart slugs (D:2)
  5 leopard geckos
  24 orcs
  3 ball pythons
  5 giant cockroaches
  6 goblins
  3 hobgoblins
  3 jackals
  6 quokkas
  5 bats
  5 frilled lizards
  6 kobolds
  A quokka zombie (D:7)
  7 rats
172 creatures vanquished.

Notes
Turn   | Place    | Note
-------+----------+-------------------------------------------
     0 | D:1      | DasRunzen the Demigod Conjurer began the quest for the Orb.
     0 | D:1      | Reached XP level 1. HP: 14/14 MP: 5/5
   339 | D:1      | Reached XP level 2. HP: 22/22 MP: 0/7
   604 | D:1      | Gained mutation: You passively map a small area around you.
                  | [potion of mutation]
   604 | D:1      | Gained mutation: Potions are less effective at restoring
                  | your health. [potion of mutation]
   604 | D:1      | Gained mutation: Your mind is acute. (Int +2) [potion of
                  | mutation]
   642 | D:2      | Learned a level 2 spell: Searing Ray
   768 | D:2      | Reached skill level 1 in Fighting
   890 | D:2      | Reached XP level 3. HP: 28/28 MP: 2/8
  1236 | D:2      | Reached skill level 4 in Conjurations
  1585 | D:2      | Reached XP level 4. HP: 33/35 MP: 6/10
  2998 | D:4      | Reached XP level 5. HP: 41/41 MP: 7/12
  3394 | D:4      | Reached XP level 6. HP: 50/50 MP: 8/13
  3523 | D:4      | Found a staircase to the Ecumenical Temple,
  3855 | D:5      | Entered Level 5 of the Dungeon
  4749 | D:6      | Reached skill level 5 in Conjurations
  4786 | D:6      | Reached XP level 7. HP: 57/57 MP: 8/15
  5633 | D:6      | Reached XP level 8. HP: 45/67 MP: 12/18
  5945 | D:6      | Reached skill level 5 in Dodging
  6088 | D:7      | Found a snail-covered altar of Cheibriados,
  6101 | D:7      | Reached skill level 6 in Conjurations
  6234 | D:7      | Reached skill level 5 in Spellcasting
  6255 | D:7      | Reached skill level 5 in Fighting
  6592 | D:7      | Noticed a hippogriff
  6612 | D:7      | Killed a hippogriff
  6612 | D:7      | Reached XP level 9. HP: 51/74 MP: 10/20
  6923 | D:7      | Learned a level 3 spell: Stone Arrow
  7067 | D:8      | Reached skill level 1 in Staves
  7067 | D:8      | Reached skill level 1 in Evocations
  7245 | D:8      | Reached skill level 7 in Conjurations
  7256 | D:8      | Noticed a two-headed ogre
  7265 | D:8      | Killed a two-headed ogre
  7365 | D:8      | Found Imeu's Distillery,
  7608 | D:8      | Noticed Harold
  7619 | D:8      | Killed Harold
  7619 | D:8      | Reached XP level 10. HP: 54/84 MP: 9/23
  7767 | D:8      | Killed from afar by a gargoyle

Levels and vault maps discovered:
D:1:      kennysheep_arrival_forest, layout_loops_ring
D:2:      layout_basic, first_ration, minmay_quantized
D:3:      layout_basic, chequers_serial_rivers_room_a
D:4:      layout_basic, minmay_temple_entry_slanted, chequers_hall_statues_y
D:5:      layout_loops_ring, serial_park_tiny_pond
D:6:      layout_layer_cave
D:7:      layout_loops_ring, cheibriados_altar_1
D:8:      layout_loops_ring, serial_shops, kennysheep_little_box,
          grunt_ogre_cave, uniq_harold

Skill      XL: |  1  2  3  4  5  6  7  8  9 |
---------------+----------------------------+-----
Dodging        | 2 3 4 5 6 |  6.7
Spellcasting   | 2 3 4 5 6 |  6.2
Fighting       | 1 2 3 4 5 6 |  6.3
Conjurations   | 4 5 6 7 |  7.5
Staves         | 2 |  2.7
Evocations     | 2 |  2.9
Stealth        | |  1.7

Action                   |  1- 3 |  4- 6 |  7- 9 | 10-12 || total
-------------------------+-------+-------+-------+-------++-------
Melee: Unarmed           |     1 |    13 |       |       ||    14
       Hand axe          |       |       |    58 |       ||    58
       Staff             |       |       |    26 |     5 ||    31
 Cast: Magic Dart        |    78 |    81 |    59 |     4 ||   222
       Searing Ray       |     1 |    24 |    45 |     2 ||    72
       Stone Arrow       |       |       |     5 |     1 ||     6
  Use: Scroll            |     2 |    13 |     4 |       ||    19
       Potion            |     1 |       |       |     2 ||     3
 Stab: Distracted        |       |     1 |       |       ||     1
       Sleeping          |       |       |     2 |       ||     2
  Eat: Chunk             |     2 |    10 |     9 |       ||    21
Armor: Robe              |     1 |     4 |    33 |       ||    38
Dodge: Dodged            |     5 |    31 |   144 |     8 ||   188

Table legend:
 A = Non-vault XP
 B = Vault XP
 C = Vault XP percentage of total XP
 D = Non-vault monster count
 E = Vault monster count
 F = Vault count percentage of total count
                 A         B        C        D         E       F
            +---------+---------+-------+---------+---------+-------
      Total |    5681 |    1071 |  15.9 |     166 |       6 |   3.5
            +---------+---------+-------+---------+---------+-------
        D:1 |      16 |       0 |   0.0 |      10 |       0 |   0.0
        D:2 |     100 |       7 |   6.5 |      25 |       4 |  13.8
        D:3 |      98 |       0 |   0.0 |      24 |       0 |   0.0
        D:4 |     269 |       0 |   0.0 |      13 |       0 |   0.0
        D:5 |     249 |       0 |   0.0 |      15 |       0 |   0.0
        D:6 |    1274 |       0 |   0.0 |      26 |       0 |   0.0
        D:7 |    1489 |       0 |   0.0 |      35 |       0 |   0.0
        D:8 |    2186 |    1064 |  32.7 |      18 |       2 |  10.0
            +---------+---------+-------+---------+---------+-------
